 Dungeon Crawl Stone Soup version 0.21.1-1-g345015f (webtiles) character file.

4972 kae the Cleaver (level 10, -20/99 HPs)
             Began as a Hill Orc Fighter on May 30, 2018.
             Was a Believer of Qazlal.
             Demolished by a death knight
             ... wielding a +0 glaive
              (25 damage)
             ... on level 9 of the Dungeon.
             The game lasted 00:08:38 (8620 turns).

kae the Cleaver (Hill Orc Fighter)                  Turns: 8620, Time: 00:08:38

Health: -20/99     AC: 11    Str: 27    XL:     10   Next: 53%
Magic:  0/14       EV:  8    Int:  8    God:    Qazlal [**....]
Gold:   443        SH: 14    Dex: 11    Spells: 9/9 levels left

rFire    . . .     SeeInvis .   k - +0 broad axe (venom)
rCold    . . .     Gourm    .   c - +0 shield
rNeg     . . .     Faith    .   b - +0 scale mail
rPois    +         Spirit   +   (no helmet)
rElec    .         Reflect  .   K - scarf {Spirit}
rCorr    .         Harm     .   (no gloves)
MR       +....                  (no boots)
Stlth    ..........             (no amulet)
HPRegen  0.26/turn              H - +3 ring of protection
MPRegen  0.14/turn              n - -2 ring of intelligence (curse)

@: mighty, slowed, very slow
A: clever 1, magic resistance 1, poison resistance, robust 1
a: Upheaval, Renounce Religion


You were on level 9 of the Dungeon.
You worshipped Qazlal.
Qazlal was pleased with you.
You were not hungry.

You visited 2 branches of the dungeon, and saw 10 of its levels.

You collected 503 gold pieces.
You spent 60 gold pieces at shops.

Inventory:

Hand Weapons
 a - a +1 war axe
 k - a +0 broad axe of venom (weapon)
Armour
 b - a +0 scale mail (worn)
 c - a +0 shield (worn)
 m - a +1 cloak
 K - a scarf of spirit shield (worn)
Jewellery
 n - a cursed -2 ring of intelligence (right hand)
 s - an uncursed ring of see invisible
 x - a cursed -5 ring of dexterity {unknown}
 y - an uncursed ring of ice
 H - a +3 ring of protection (left hand)
Wands
 r - a wand of iceblast (15)
 w - a wand of digging (24)
 A - a wand of enslavement (18)
 G - a wand of random effects (33)
Scrolls
 e - 2 scrolls of blinking
 l - 2 scrolls of magic mapping
 p - 6 scrolls of remove curse
 q - a scroll of immolation
 t - 2 scrolls of amnesia
 v - 3 scrolls of identify
 D - a scroll of teleportation
 I - a scroll of enchant armour
 J - a scroll of enchant weapon
Potions
 g - 2 potions of curing
 i - 3 potions of flight
 j - a potion of agility
 o - 3 potions of cancellation
 u - 2 potions of lignification
 z - a potion of brilliance
 B - a potion of ambrosia
 C - 2 potions of degeneration
 E - 2 potions of resistance
 L - a potion of heal wounds
Books
 h - a book of Changes

   Spells                             Type                      Level
   a - Beastly Appendage              Transmutation                1
   b - Sticks to Snakes               Transmutation                2
   c - Spider Form                    Transmutation/Poison         3
   d - Ice Form                       Ice/Transmutation            4
   e - Blade Hands                    Transmutation                5
Comestibles
 f - 19 rations


   Skills:
 + Level 8.5 Fighting
 * Level 11.8 Axes
 + Level 7.8 Armour
 + Level 7.8 Shields
 * Level 6.6 Invocations


You had 9 spell levels left.
You didn't know any spells.

Dungeon Overview and Level Annotations

Branches:
Dungeon (9/15)             Temple (1/1) D:7
   Lair: D:8-11         Orc: D:9-12

Altars:
Ashenzari
Cheibriados
Dithmenos
Elyvilon
Fedhas
Gozag
Hepliaklqana
Kikubaaqudgha
Makhleb
Nemelex Xobeh
Okawaru
Qazlal
Ru
Sif Muna
Trog
Uskayaw
Wu Jian
Xom
Yredelemnul
Zin
The Shining One

Shops:
D:5 }   D:9 !


Innate Abilities, Weirdness & Mutations

Your mind is acute. (Int +2)
You are resistant to hostile enchantments. (MR+)
Your system is resistant to poisons. (rPois)
You are robust. (+10% HP)


Message History

The death knight is almost dead.
You hit the phantasmal warrior but do no damage.
The death knight reflects your damage back at you!
* * * LOW HITPOINT WARNING * * *
The death knight reflects your damage back at you!
You block the phantasmal warrior's attack.
The death knight mumbles some strange prayers to Yredelemnul against you.
You resist with some effort.
You closely miss the death knight.
The death knight is almost dead.
Your shield and scale mail prevent you from hitting the phantasmal warrior.
You closely miss the wraith.
The death knight reflects your damage back at you!
The phantasmal warrior hits you!
* * * LOW HITPOINT WARNING * * *
The wraith hits you!
* * * LOW HITPOINT WARNING * * *
The wraith drains your vigour!
You feel yourself slow down.
The death knight hits you with a glaive!!
You die...

.........#+#..).....#
.##........##.......#
.##........##..†....#
.##..########.......#
# ####.. #.......# ..
##.. ####.####..# #
####......##
..##..§W.......
#....WW@.......
##....p........
#.........###.
.........#......
#........#......)
#................
##...............
#...............
..........


You could see a death knight, a phantasmal warrior, a freezing wraith and a
wraith.

Vanquished Creatures
  A two-headed ogre (D:8)
  The ghost of olivier the Carver, a novice GrFi (D:8)
  A hippogriff (D:9)
  A hungry ghost (D:7)
  2 orc warriors (D:8)
  2 sky beasts
  3 ice beasts
  2 black bears (D:7)
  A phantom (D:6)
  2 centaurs
  3 ogres
  A big kobold (D:8)
  5 bullfrogs
  A wyvern skeleton (D:8)
  A scorpion (D:6)
  6 killer bees
  2 howler monkeys
  6 crimson imps
  A hound (D:6)
  3 jellies
  A bullfrog skeleton (D:6)
  7 orc priests
  9 orc wizards
  2 iguanas (D:8)
  8 worker ants
  A killer bee zombie (D:8)
  A hound skeleton (D:5)
  A worker ant zombie (D:8)
  A gnoll (D:1)
  5 adders
  5 shadow imps
  2 adder zombies
  4 worms
  A dart slug (D:6)
  4 leopard geckos
  45 orcs
  2 ball pythons
  5 giant cockroaches
  12 goblins
  9 hobgoblins
  6 jackals
  14 kobolds
  3 quokkas
  11 bats
  4 frilled lizards
  A quokka skeleton (D:8)
  5 rats
  A spectral orc (D:5)
215 creatures vanquished.

Notes
Turn   | Place    | Note
-------+----------+-------------------------------------------
     0 | D:1      | kae the Hill Orc Fighter began the quest for the Orb.
     0 | D:1      | Reached XP level 1. HP: 19/19 MP: 1/1
    74 | D:1      | Reached skill level 3 in Axes
    80 | D:1      | Reached XP level 2. HP: 15/27 MP: 2/2
   227 | D:1      | Reached XP level 3. HP: 17/33 MP: 3/3
   908 | D:2      | Reached skill level 4 in Axes
  1136 | D:2      | Found an opulent altar of Gozag.
  1202 | D:2      | Reached XP level 4. HP: 40/40 MP: 4/4
  1755 | D:3      | Reached XP level 5. HP: 47/47 MP: 5/5
  1930 | D:3      | Noticed a centaur
  1937 | D:3      | Killed a centaur
  1937 | D:3      | Reached skill level 5 in Axes
  2476 | D:4      | Reached XP level 6. HP: 53/53 MP: 6/6
  2613 | D:4      | Found an ancient bone altar of Kikubaaqudgha.
  3118 | D:5      | Entered Level 5 of the Dungeon
  3187 | D:5      | Reached skill level 5 in Fighting
  3187 | D:5      | Reached skill level 6 in Axes
  3263 | D:5      | Found Cupnua Toig's Gadget Shop.
  3274 | D:5      | Reached XP level 7. HP: 44/61 MP: 7/7
  3430 | D:5      | Found a basalt altar of Yredelemnul.
  3966 | D:5      | Reached skill level 5 in Armour
  4318 | D:6      | Reached skill level 7 in Axes
  4318 | D:6      | Reached skill level 5 in Shields
  4433 | D:6      | Found a snail-covered altar of Cheibriados.
  4553 | D:6      | Reached XP level 8. HP: 70/70 MP: 8/8
  4558 | D:6      | Reached skill level 8 in Axes
  4631 | D:6      | Found a sparkling altar of Nemelex Xobeh.
  4637 | D:6      | Found a hide-covered altar of Uskayaw.
  5102 | D:6      | Reached skill level 9 in Axes
  5464 | D:7      | Reached XP level 9. HP: 78/79 MP: 9/9
  5584 | D:7      | Reached skill level 10 in Axes
  5786 | D:7      | Found a staircase to the Ecumenical Temple.
  5987 | Temple   | Entered the Ecumenical Temple
  6130 | Temple   | Became a worshipper of Qazlal Stormbringer
  6234 | D:8      | Reached skill level 1 in Invocations
  6528 | D:8      | Gained mutation: Your mind is acute. (Int +2) [potion of mutation]
  6528 | D:8      | Gained mutation: Your system is resistant to poisons. (rPois) [potion of mutation]
  6528 | D:8      | Gained mutation: You are resistant to hostile enchantments. (MR+) [potion of mutation]
  6528 | D:8      | Gained mutation: You are robust. (+10% HP) [potion of mutation]
  6536 | D:8      | Reached * piety under Qazlal
  7310 | D:9      | Noticed a death knight
  7310 | D:9      | Noticed a freezing wraith
  7310 | D:9      | Noticed a phantasmal warrior
  7338 | D:8      | Noticed olivier's ghost (novice GrFi)
  7372 | D:8      | Killed olivier's ghost
  7372 | D:8      | Reached skill level 11 in Axes
  7372 | D:8      | Reached skill level 5 in Invocations
  7372 | D:8      | Reached XP level 10. HP: 42/96 MP: 8/13
  8012 | D:9      | Noticed a two-headed ogre
  8143 | D:8      | Killed a two-headed ogre
  8478 | D:9      | Found Emnusan's Distillery.
  8481 | D:9      | Bought a potion of heal wounds for 60 gold pieces
  8498 | D:9      | Reached ** piety under Qazlal
  8620 | D:9      | Demolished by a death knight

Skill      XL: |  1  2  3  4  5  6  7  8  9 10 |
---------------+-------------------------------+-----
Axes           | 3 4 5 6 7 9 11 | 11.8
Fighting       | 4 5 7 8 |  8.5
Armour         | 4 5 6 7 |  7.8
Shields        | 4 5 6 7 |  7.8
Invocations    | 5 6 |  6.6

Action                   |  1- 3 |  4- 6 |  7- 9 | 10-12 || total
-------------------------+-------+-------+-------+-------++-------
Melee: War axe           |   115 |   170 |   146 |       ||   431
       Broad axe         |       |       |   199 |    78 ||   277
Evoke: Wand              |       |       |       |     4 ||     4
  Use: Potion            |       |     1 |     4 |     2 ||     7
       Scroll            |       |       |    15 |     3 ||    18
  Eat: Chunk             |       |     8 |    11 |     5 ||    24
       Ration            |       |       |     1 |       ||     1
Armor: Scale mail        |    58 |    74 |   127 |    31 ||   290
Dodge: Dodged            |    38 |    62 |    71 |    21 ||   192
Block: Shield            |    51 |    90 |   169 |    55 ||   365
